 Dungeon Crawl Stone Soup version 0.21-a0-404-g291f19a (webtiles) character file.

722 alkexr the Destroyer (level 7, -6/36 HPs)
             Began as a Tengu Conjurer on Oct 31, 2017.
             Killed from afar by Moebius's ghost (30 damage)
             ... with a fireball
             ... on level 5 of the Dungeon.
             The game lasted 00:22:48 (5168 turns).

alkexr the Destroyer (Tengu Conjurer)               Turns: 5168, Time: 00:22:49

Health: -6/36      AC:  2    Str:  5    XL:     7   Next: 71%
Magic:  1/14       EV: 15    Int: 17    God:
Gold:   96         SH:  0    Dex: 15    Spells: 5/15 levels left

rFire    . . .     SeeInvis .   e - -1 short sword (curse)
rCold    . . .     Gourm    .   (no shield)
rNeg     . . .     Faith    .   a - +0 robe
rPois    .         Spirit   .   (helmet restricted)
rElec    .         Reflect  .   (no cloak)
rCorr    .         Harm     .   (no gloves)
MR       .....                  (boots unavailable)
Stlth    ++........             (no amulet)
HPRegen  0.12/turn              g - -3 ring of strength (curse)
MPRegen  0.14/turn              (no ring)

@: no status effects
A: beak, talons 3, able to fly 1
a: Fly


You were on level 5 of the Dungeon.
You were hungry.

You visited 1 branch of the dungeon, and saw 5 of its levels.

You collected 96 gold pieces.

Inventory:

Hand Weapons
 e - a cursed -1 short sword (weapon)
 o - a +0 flail of protection
Armour
 a - a +0 robe (worn)
 d - a +2 leather armour of fire resistance
Jewellery
 g - a cursed -3 ring of strength (left hand)
Wands
 j - a wand of random effects (26/48)
Scrolls
 i - a scroll of random uselessness {unknown}
Potions
 f - a potion of agility {unknown}
 k - 2 potions of curing
 l - a potion of ambrosia {unknown}
 m - 2 potions of heal wounds {unknown}
Books
 b - a book of Conjurations

   Spells                             Type                      Level
   a - Magic Dart                     Conjuration                  1
   b - Searing Ray                    Conjuration                  2
   c - Dazzling Spray                 Conjuration/Hexes            3
   d - Fulminant Prism                Conjuration/Hexes            4
   e - Force Lance                    Conjuration/Translocation    4
   f - Iskenderun's Mystic Blast      Conjuration                  4
Comestibles
 c - a bread ration
 h - a meat ration
 n - a royal jelly
 p - 8 chunks of flesh


   Skills:
 + Level 4.7 Dodging
 - Level 2.0 Stealth
 * Level 4.5 Spellcasting
 + Level 8.7 Conjurations
 + Level 1.1 Hexes


You had 5 spell levels left.
You knew the following spells:

 Your Spells              Type           Power        Failure   Level  Hunger
a - Magic Dart            Conj           ####         1%          1    None
d - Iskenderun's Mystic   Conj           ####....     4%          4    ####...
s - Dazzling Spray        Conj/Hex       ###...       6%          3    ###....
t - Searing Ray           Conj           ####..       1%          2    ##.....


Dungeon Overview and Level Annotations

Branches:
Dungeon (5/15)
 Temple: D:4-7

Altars:
Ashenzari
Dithmenos
Fedhas
Gozag
Hepliaklqana
Nemelex Xobeh
Ru
Sif Muna
Xom

Annotations:
D:4 Edmund, Eustachio
D:5 Moebius's ghost, novice DEFE


Innate Abilities, Weirdness & Mutations

You have a beak for a mouth.
You have claws for feet.
You can fly.


Message History

The orb of energy hits Moebius's ghost.
Moebius's ghost is moderately damaged.
You are feeling hungry.
Casting: Iskenderun's Mystic Blast
Confirm with . or Enter, or press ? or * to list all spells.
Aiming: Iskenderun's Mystic Blast
Press: ? - help, Shift-Dir - straight line, f/p - Moebius's ghost
Aim: Moebius's ghost (moderately damaged)
The orb of energy hits Moebius's ghost.
Moebius's ghost is almost destroyed.
Moebius's ghost shouts, "What do you have that I didn't have?"
Things that are here:
a club; a scale mail You see here a dagger.
Things that are here:
a mace; a ring mail Moebius's ghost casts a spell at you.
The fireball explodes!
The fireball engulfs you!
Ouch! That really hurt!
You die...

. .# #.# ##.### #.. .....# #
###.###.##.#.# # .....#.##.#.#
##### . #.#........... #...
o..##.#.##.#.##†#####.#
...).)...W.)))@.......# #
___.___..)...##.####..###.##.#
h__.___..#.####.#####........
###.###..#.#......# #.###.##.
## #..#.#.##.#.###......# #
#..#.#...<#..........#
#....#..#.#..###..#.##
#.####..#.#.)# #...... #.#
#...>...# ##...###


You could see Moebius's ghost.

Vanquished Creatures
  Sigmund (D:2)
  An ogre (D:4)
  A crimson imp (D:5)
  A jelly (D:3)
  3 orc wizards
  Natasha (thrice) (D:2)
  An iguana (D:4)
  A worker ant (D:5)
  Robin (D:2)
  7 adders
  A worm (D:4)
  3 dart slugs
  A leopard gecko (D:5)
  12 orcs
  5 giant cockroaches
  13 goblins
  10 hobgoblins
  16 jackals
  2 quokkas (D:3)
  2 ball pythons
  8 bats
  3 frilled lizards
  9 kobolds
  10 rats
115 creatures vanquished.

Notes
Turn   | Place    | Note
-------+----------+-------------------------------------------
     0 | D:1      | alkexr the Tengu Conjurer began the quest for the Orb.
     0 | D:1      | Reached XP level 1. HP: 10/10 MP: 4/4
   194 | D:1      | Found a sparkling altar of Nemelex Xobeh.
   225 | D:1      | Reached XP level 2. HP: 8/15 MP: 0/6
   356 | D:1      | Learned a level 2 spell: Searing Ray
  1271 | D:2      | Reached skill level 6 in Conjurations
  1271 | D:2      | Reached XP level 3. HP: 16/19 MP: 3/7
  1358 | D:2      | Noticed Natasha
  1397 | D:2      | Killed Natasha
  1556 | D:2      | Learned a level 3 spell: Dazzling Spray
  1596 | D:2      | Noticed Natasha
  1619 | D:2      | Killed Natasha
  1619 | D:2      | Reached XP level 4. HP: 24/24 MP: 3/8
  1711 | D:2      | Noticed Natasha
  1721 | D:2      | Killed Natasha
  1861 | D:2      | Gained mutation: You can fly. [Tengu growth]
  1861 | D:2      | Reached XP level 5. HP: 28/28 MP: 5/10
  2118 | D:2      | Reached skill level 7 in Conjurations
  2226 | D:2      | Noticed Sigmund
  2271 | D:2      | Killed Sigmund
  2271 | D:2      | Reached XP level 6. HP: 13/32 MP: 1/12
  2614 | D:2      | Noticed Robin
  2650 | D:2      | Killed Robin
  2650 | D:2      | Reached skill level 8 in Conjurations
  2772 | D:2      | Learned a level 4 spell: Iskenderun's Mystic Blast
  3924 | D:3      | Reached XP level 7. HP: 30/36 MP: 9/13
  4803 | D:4      | Noticed Eustachio
  4816 | D:4      | Noticed Edmund
  4866 | D:5      | Entered Level 5 of the Dungeon
  4874 | D:5      | Reached skill level 1 in Hexes
  4933 | D:5      | Found a shattered altar of Ashenzari.
  4933 | D:5      | Found a sparkling altar of Nemelex Xobeh.
  4934 | D:5      | Found a hazy altar of Hepliaklqana.
  4934 | D:5      | Found a shimmering altar of Xom.
  4935 | D:5      | Found a blossoming altar of Fedhas.
  4935 | D:5      | Found a sparkling altar of Nemelex Xobeh.
  4937 | D:5      | Found an opulent altar of Gozag.
  4937 | D:5      | Found a shadowy altar of Dithmenos.
  4938 | D:5      | Found a shattered altar of Ashenzari.
  4938 | D:5      | Found a shattered altar of Ashenzari.
  4939 | D:5      | Found a deep blue altar of Sif Muna.
  4939 | D:5      | Found a sacrificial altar of Ru.
  5162 | D:5      | Noticed Moebius's ghost (novice DEFE)
  5168 | D:5      | Killed from afar by Moebius's ghost

Vault maps used:
D:1:      zaba_arrival_water, nemelex_xobeh_ov_fountains_minmay
D:2:      uniq_natasha, uniq_sigmund, uniq_robin
D:3:      minmay_bisected
D:4:      serial_shops, shop, first_bread, minmay_box_of_dots, uniq_eustachio,
          uniq_edmund
D:5:      temple_doors_ab

Skill      XL: |  1  2  3  4  5  6  7 |
---------------+----------------------+-----
Conjurations   | 6 7 8 |  8.7
Dodging        | 3 4 |  4.7
Spellcasting   | 3 4 |  4.5
Hexes          | 1 |  1.1
Stealth        | |  2.0

Action                   |  1- 3 |  4- 6 |  7- 9 || total
-------------------------+-------+-------+-------++-------
Melee: Short sword       |    13 |    26 |     3 ||    42
       Kick              |     4 |     7 |     2 ||    13
       Peck              |     1 |     2 |       ||     3
 Cast: Magic Dart        |    42 |    90 |    44 ||   176
       Searing Ray       |     3 |    12 |    12 ||    27
       Dazzling Spray    |       |     2 |     1 ||     3
       Iskenderun's Myst |       |       |     4 ||     4
Evoke: Wand              |       |     2 |       ||     2
  Use: Scroll            |     1 |     2 |       ||     3
       Potion            |       |     2 |       ||     2
 Stab: Sleeping          |       |     2 |       ||     2
  Eat: Chunk             |     3 |     7 |     5 ||    15
Armor: Robe              |     6 |     9 |     1 ||    16
       Skin              |       |     9 |       ||     9
Dodge: Dodged            |    25 |    33 |     7 ||    65

Table legend:
 A = Spawn XP
 B = Non-spawn XP
 C = Spawn XP percentage of total XP
 D = Spawn monster count
 E = Non-spawn monster count
 F = Spawn count percentage of total count
 G = Total turns spent on level
                    A         B        C        D         E        F      G
               +---------+---------+-------+---------+---------+-------+---------
         Total |       0 |    1032 |   0.0 |       0 |     115 |   0.0 |  5168
               +---------+---------+-------+---------+---------+-------+---------
           D:1 |       0 |      33 |   0.0 |       0 |      22 |   0.0 |  1233
           D:2 |       0 |     470 |   0.0 |       0 |      40 |   0.0 |  1766
           D:3 |       0 |     136 |   0.0 |       0 |      31 |   0.0 |  1237
           D:4 |       0 |     214 |   0.0 |       0 |      10 |   0.0 |   630
           D:5 |       0 |     179 |   0.0 |       0 |      12 |   0.0 |   302
               +---------+---------+-------+---------+---------+-------+---------
